Map: Romanticide LE

Players

GunGFuBanDa

  • Race: Protoss Protoss
  • League: Grandmaster

Krystianer - Winner!

  • Race: Protoss Protoss
  • League: Grandmaster

Event: DreamHack SC2 Masters 2021 Summer

VOD

Have the link to the VOD?

Description

Time

  • Played on: May 25, 2021, 11:55 a.m.
  • Length: 10:11

All games in this series

Show
View Real Time Build Order
Export as new Build Order

GunGFuBanDa Protoss 

Build Orders: Oracle Opening, Phoenix Opening 

Get SALT Encoding   

  12  0:02  Probe  
  13  0:14  Probe  
  14  0:18  Pylon  
  14  0:26  Probe (Chrono Boost)  
  15  0:36  Gateway  
  15  0:38  Probe (Chrono Boost)  
  16  0:43  Probe (Chrono Boost)  
  16  0:45  Assimilator  
  17  0:53  Probe (Chrono Boost)  
  17  0:56  Assimilator  
  18  1:05  Probe (Chrono Boost)  
  19  1:14  Probe (Chrono Boost), Gateway  
  20  1:22  Probe  
  21  1:29  Cybernetics Core  
  21  1:34  Probe  
  22  1:40  Pylon  
  22  1:46  Probe  
  23  1:58  Probe  
  23  1:59  Pylon  
  24  2:05  Adept x2  
  24  2:07  Warp Gate  
  28  2:11  Probe  
  29  2:26  Stargate, Pylon  
  29  2:50  Nexus  
  28  2:54  Probe  
  29  2:58  Stalker  
  31  3:07  Oracle (Chrono Boost)  
  34  3:17  Shield Battery  
  34  3:25  Probe  
  35  3:28  Shield Battery  
  35  3:36  Shield Battery  
  35  3:41  Phoenix  
  37  3:43  Twilight Council  
  37  3:47  Probe (Chrono Boost)  
  38  3:59  Probe (Chrono Boost)  
  39  4:05  Probe (Chrono Boost)  
  39  4:06  Probe (Chrono Boost)  
  41  4:13  Probe  
  42  4:17  Probe, Blink (Chrono Boost)  
  42  4:24  Stalker  
  45  4:25  Probe (Chrono Boost)  
  45  4:29  Probe (Chrono Boost)  
  46  4:41  Probe (Chrono Boost)  
  46  4:43  Probe (Chrono Boost)  
  47  4:47  Probe (Chrono Boost)  
  47  4:50  Probe (Chrono Boost), Forge  
  49  4:55  Probe  
  50  5:01  Probe, Sentry  
  53  5:08  Probe  
  53  5:11  Nexus  
  54  5:16  Pylon  
  54  5:27  Assimilator  
  54  5:32  Probe  
  54  5:34  Probe  
  55  5:37  Protoss Ground Weapons Level 1, Stalker  
  57  5:44  Probe (Chrono Boost)  
  55  5:51  Probe (Chrono Boost)  
  55  5:55  Gateway, Robotics Facility  
  55  5:56  Probe (Chrono Boost), Gateway  
  56  5:59  Sentry  
  56  6:00  Stalker  
  56  6:01  Probe x2 (Chrono Boost)  
  62  6:04  Pylon  
  62  6:09  Charge  
  62  6:10  Pylon  
  62  6:14  Shield Battery  
  62  6:22  Probe (Chrono Boost)  
  65  6:25  Probe (Chrono Boost)  
  65  6:28  Probe (Chrono Boost)  
  65  6:31  Stalker x2  
  65  6:32  Probe (Chrono Boost)  
  71  6:33  Probe (Chrono Boost)  
  71  6:36  Probe (Chrono Boost)  
  71  6:37  Probe (Chrono Boost)  
  71  6:38  Probe (Chrono Boost)  
  73  6:40  Gateway  
  73  6:42  Observer (Chrono Boost), Gateway  
  73  6:46  Probe  
  76  6:48  Probe  
  76  6:50  Probe  
  78  6:57  Pylon  
  78  6:58  Immortal (Chrono Boost)  
  78  6:59  Stalker  
  78  7:00  Stalker  
  85  7:06  Stalker x2  
  87  7:29  Stalker  
  87  7:30  Stalker x2  
  87  7:36  Probe x3  
  92  7:38  Protoss Ground Weapons Level 2 (Chrono Boost)  
  92  7:43  Gateway, Warp Prism (Chrono Boost)  
  92  7:45  Zealot x3  
  92  7:46  Gateway  
  92  7:49  Pylon  
  92  7:50  Pylon  
  100  7:57  Photon Cannon  
  100  8:00  Pylon  
  100  8:05  Probe  
  101  8:06  Assimilator  
  101  8:07  Probe x2  
  101  8:12  Nexus  
  103  8:20  Shield Battery  
  103  8:25  Zealot x4  
  110  8:37  Immortal (Chrono Boost)  
  110  8:38  Zealot x3  
  110  8:40  Probe  
  121  8:45  Probe x2  
  123  8:49  Pylon x2  
  123  8:53  Probe  
  123  8:54  Photon Cannon  
  124  8:57  Probe  
  123  9:13  Zealot x4  
  123  9:16  Probe x2  
  131  9:18  Templar Archives  
  131  9:20  Probe  
  131  9:21  Observer  
  131  9:24  Probe, Shield Battery  
  134  9:26  Photon Cannon  
  134  9:28  Zealot  
  134  9:29  Zealot x3  
  139  9:41  Probe x2  
  139  9:44  Shield Battery  
  129  9:51  Zealot x6  
  127  9:58  Probe x2  
  127  9:59  Probe x2  
  113  10:03  Zealot x2  
Show
View Real Time Build Order
Export as new Build Order

Krystianer Protoss - Winner!

Build Orders: Oracle Opening 

Get SALT Encoding   

  12  0:00  Probe  
  13  0:12  Probe  
  14  0:17  Pylon  
  14  0:24  Probe (Chrono Boost)  
  15  0:36  Probe (Chrono Boost)  
  15  0:38  Gateway  
  16  0:45  Probe (Chrono Boost)  
  16  0:46  Assimilator  
  17  0:50  Probe  
  18  0:59  Assimilator  
  18  1:03  Probe (Chrono Boost)  
  19  1:05  Pylon  
  20  1:12  Probe (Chrono Boost)  
  20  1:17  Probe (Chrono Boost)  
  21  1:25  Cybernetics Core  
  21  1:29  Probe  
  21  1:31  Zealot  
  24  1:41  Probe  
  25  2:02  Stalker  
  25  2:04  Probe  
  28  2:13  Warp Gate  
  28  2:16  Probe  
  28  2:20  Nexus  
  29  2:30  Stalker (Chrono Boost)  
  30  2:47  Stargate  
  30  2:50  Probe  
  31  2:56  Pylon  
  31  3:08  Shield Battery  
  31  3:13  Stalker  
  31  3:14  Probe, Shield Battery  
  34  3:26  Probe  
  35  3:28  Oracle (Chrono Boost)  
  35  3:32  Probe  
  38  3:36  Shield Battery  
  38  3:38  Probe  
  39  3:44  Probe (Chrono Boost)  
  40  3:54  Twilight Council  
  40  3:55  Probe (Chrono Boost)  
  41  3:57  Probe (Chrono Boost), Shield Battery  
  42  4:04  Probe (Chrono Boost)  
  42  4:05  Probe (Chrono Boost)  
  42  4:07  Stalker  
  46  4:11  Probe  
  46  4:15  Probe  
  48  4:19  Shield Battery  
  48  4:23  Probe  
  49  4:25  Forge  
  49  4:27  Probe  
  49  4:35  Probe  
  49  4:36  Stalker  
  52  4:39  Pylon  
  52  4:42  Blink  
  52  4:44  Probe  
  53  4:47  Probe  
  53  4:50  Assimilator  
  54  4:57  Probe  
  54  4:59  Probe, Protoss Ground Weapons Level 1 (Chrono Boost)  
  56  5:04  Gateway  
  56  5:09  Probe  
  56  5:13  Nexus  
  57  5:17  Pylon  
  57  5:20  Probe (Chrono Boost)  
  58  5:21  Probe (Chrono Boost)  
  58  5:26  Gateway  
  59  5:31  Probe (Chrono Boost)  
  59  5:32  Probe (Chrono Boost)  
  61  5:36  Probe (Chrono Boost)  
  61  5:37  Stalker  
  64  5:45  Probe  
  64  5:48  Probe  
  65  5:54  Gateway x2  
  65  5:58  Photon Cannon  
  65  6:00  Probe  
  67  6:05  Stalker  
  67  6:10  Stalker  
  70  6:13  Pylon  
  70  6:16  Photon Cannon  
  72  6:26  Probe (Chrono Boost)  
  72  6:29  Probe x2 (Chrono Boost)  
  72  6:32  Stalker x2  
  77  6:33  Stalker  
  77  6:36  Probe (Chrono Boost)  
  77  6:39  Probe (Chrono Boost), Pylon  
  81  6:45  Probe x2  
  83  6:55  Stalker  
  83  6:56  Stalker x4  
  83  7:00  Charge  
  93  7:07  Probe  
  94  7:19  Nexus  
  94  7:20  Stalker x3  
  94  7:21  Stalker  
  99  7:23  Pylon  
  99  7:28  Protoss Ground Weapons Level 2 (Chrono Boost)  
  95  7:39  Probe x2  
  97  7:44  Gateway, Robotics Facility  
  97  7:46  Gateway  
  97  7:47  Probe, Gateway  
  97  7:50  Sentry  
  98  7:51  Probe  
  98  7:52  Templar Archives  
  98  7:54  Zealot x2  
  98  7:55  Probe  
  104  8:00  Pylon  
  104  8:05  Zealot x2  
  108  8:09  Pylon  
  108  8:13  Gateway  
  108  8:17  Gateway  
  108  8:23  Shield Battery  
  108  8:26  Pylon  
  108  8:27  Zealot x2  
  108  8:28  Zealot x2  
  116  8:34  Warp Prism (Chrono Boost)  
  116  8:37  Zealot  
  116  8:46  High Templar x2  
  116  8:47  Zealot  
  119  8:50  Zealot x4  
  123  8:59  Zealot  
  123  9:02  Probe x3  
  128  9:03  Archon  
  128  9:05  Pylon  
  128  9:13  High Templar  
  128  9:14  High Templar, Zealot  
  128  9:15  Zealot x4  
  140  9:17  Photon Cannon, Pylon  
  140  9:20  Archon, Zealot x2  
  140  9:23  Pylon  
  144  9:30  Observer (Chrono Boost)  
  145  9:34  Zealot  
  145  9:35  Zealot x2  
  145  9:36  Zealot  
  153  9:40  Zealot x3  
  149  9:55  Zealot x5  
  149  9:59  Zealot x2  
  153  10:03  Zealot  
  153  10:04  Zealot x2  
Tags
 
Add a new tag
Caveats
  • Supply blocks, unpowered buildings, or Contaminate may cause inaccurate times.
  • Supply counts are checked every 10 seconds.